 Dungeon Crawl Stone Soup version 0.26.1-11-gd32895ea62 (webtiles) character file.

Game seed: 15892242002031439454

191 Amplified the Cutter (level 6, 0/39 HPs)
             Began as a Kobold Fighter on Apr 21, 2021.
             Slain by an ogre
             ... wielding a +0 giant club
              (13 damage)
             ... on level 4 of the Dungeon.
             The game lasted 00:02:19 (3954 turns).

Amplified the Cutter (Kobold Fighter)               Turns: 3954, Time: 00:02:20

Health: 0/39       AC:  6    Str: 13    XL:     6   Next: 1%
Magic:  6/6        EV: 10    Int:  9    God:
Gold:   228        SH:  9    Dex: 17    Spells: 5/5 levels left

rFire    . . .     SeeInvis .   a - +0 rapier
rCold    + . .     Faith    +   c - +0 kite shield
rNeg     . . .     Spirit   .   e - +2 leather armour {rC+}
rPois    .         Reflect  .   (no helmet)
rElec    .         Harm     .   f - +0 cloak
rCorr    .         Rampage  .   (no gloves)
Will     .....                  (no boots)
Stlth    +++.......             h - amulet of faith
HPRegen  0.13/turn              (no ring)
MPRegen  0.10/turn              (no ring)

@: no status effects
A: small, nightstalker 3
a: no special abilities


You were on level 4 of the Dungeon.
You visited 1 branch of the dungeon, and saw 4 of its levels.

You collected 228 gold pieces.

Inventory:

Hand Weapons
 a - a +0 rapier (weapon)
Armour
 c - a +0 kite shield (worn)
 e - a +2 leather armour of cold resistance (worn)
 f - a +0 cloak (worn)
Jewellery
 h - an amulet of faith (around neck)
Scrolls
 b - 2 scrolls of remove curse
 k - a scroll of identify
 m - 2 scrolls of magic mapping
 o - a scroll of enchant armour {unknown}
Potions
 d - a potion of magic
 g - a potion of attraction
 i - 2 potions of mutation {unknown}
 j - a potion of brilliance
 l - a potion of heal wounds
 n - a potion of curing {unknown}
 p - a potion of invisibility {unknown}
 q - a potion of berserk rage {unknown}
 r - a potion of might


   Skills:
 * Level 4.6 Fighting
 * Level 4.6 Short Blades
 - Level 2.4 Armour
 * Level 2.2 Stealth
 * Level 3.4 Shields


You had 5 spell levels left.
You didn't know any spells.
Your spell library was empty.

Dungeon Overview and Level Annotations

Branches:
Dungeon (4/15)
 Temple: D:4-7

Altars:


Innate Abilities, Weirdness & Mutations

You are small and have problems with some larger weapons.
You are completely attuned to the shadows.


Message History

HP restored.
Found 5 silver boomerangs.
You see here a worker ant corpse.
You see here 5 silver boomerangs.
An ogre comes into view. It is wielding a +0 giant club.
An ogre is nearby!
There is an open door here.
You aren't carrying any items that you can evoke.
Unknown command.
The ogre shouts!
The ogre closely misses you.
You hit the ogre.
The ogre is lightly wounded.
The ogre hits you with a +0 giant club!!
Ouch! That really hurt!
There is an open door here.
As you read the scroll labelled CYLOIW VUNIMENYH, it crumbles to dust.
You feel aware of your surroundings.
You sensed 3 altars.
It was a scroll of magic mapping.
The ogre hits you with a +0 giant club!
You die...

*,* *,* *,* *,** *,**** *,* ,,,*
*,,,,* *#+** *,,* ***#.# *#..,**
*,,* ##.# *#...,,** ,,,* ##..#
##....,,,** *
,,,********###...####.....,,,,***
,,,,,,,,,,,,.....O..'.....,,,,+,,
,,,*********##..@####.....,,,,***
,,** ####..# ##....,,,** * ,**
#...#.# *#...,,** * ,* #.#(..#
*#.,>** * ,* #...### **'** ,*
##.## *,* ,* #.# *,* ,* #†# **,**
,* ##.####### **,,,******


You could see an ogre.

Vanquished Creatures
  Natasha (thrice) (D:3)
  A worker ant (D:4)
  A howler monkey zombie (D:2)
  2 adders
  3 worms
  2 dart slugs
  3 leopard geckos (D:2)
  An orc (D:3)
  5 giant cockroaches
  5 hobgoblins
  3 jackals (D:1)
  A quokka (D:3)
  3 bats
  5 frilled lizards
  5 goblins
  5 kobolds
  4 rats
52 creatures vanquished.

Vanquished Creatures (others)
  A plant (D:1)
1 creature vanquished.

Grand Total: 53 creatures vanquished

Notes
Turn   | Place    | Note
-------+----------+-------------------------------------------
     0 | D:1      | Amplified the Kobold Fighter began the quest for the Orb.
     0 | D:1      | Reached XP level 1. HP: 14/14 MP: 1/1
   267 | D:1      | Reached XP level 2. HP: 10/19 MP: 2/2
  1318 | D:1      | Reached XP level 3. HP: 24/24 MP: 3/3
  1879 | D:2      | Reached XP level 4. HP: 13/29 MP: 4/4
  3069 | D:3      | Noticed Natasha
  3074 | D:3      | Killed Natasha
  3075 | D:3      | Reached skill level 1 in Stealth
  3075 | D:3      | Reached XP level 5. HP: 22/33 MP: 5/5
  3197 | D:3      | Noticed Natasha
  3212 | D:3      | Killed Natasha
  3320 | D:3      | Noticed Natasha
  3331 | D:3      | Killed Natasha
  3840 | D:4      | Reached XP level 6. HP: 27/39 MP: 6/6
  3945 | D:4      | Noticed an ogre
  3954 | D:4      | Slain by an ogre

Illustrated notes

Levels and vault maps discovered:
D:1:      roderic_crop_circles_arrival_small, layout_basic
D:2:      layout_basic
D:3:      layout_rooms, uniq_natasha
D:4:      layout_loops_corners, minitemple

Skill      XL: |  1  2  3  4  5 |
---------------+----------------+-----
Short Blades   | 3 4 |  4.6
Fighting       | 4 |  4.6
Shields        | 3 |  3.4
Stealth        | 1 2 |  2.2
Armour         | |  2.4

Action                   |  1- 3 |  4- 6 || total
-------------------------+-------+-------++-------
Melee: Rapier            |   101 |    67 ||   168
  Use: Scroll            |     3 |     4 ||     7
       Potion            |     1 |     2 ||     3
 Stab: Sleeping          |     5 |     7 ||    12
Armor: Scale mail        |    10 |       ||    10
       Leather armour    |    20 |     7 ||    27
Dodge: Dodged            |    28 |    23 ||    51
Block: Kite shield       |    29 |    18 ||    47
